 Dungeon Crawl Stone Soup version 0.31-a0-142-g31f6795574 (webtiles) character file.

Game seed: 6116083950712555

30 Ge0ff the Sneak (level 3, -1/26 HPs)
             Began as an Octopode Delver on June 3, 2023.
             Slain by an orc
             ... wielding a +0 short sword
              (3 damage)
             ... on level 5 of the Dungeon.
             The game lasted 00:00:49 (98 turns).

Ge0ff the Sneak (Octopode Delver)                     Turns: 98, Time: 00:00:50

Health: -1/26      AC:  1    Str: 11    XL:     3   Next: 20%
Magic:  3/3        EV: 13    Int: 12    God:
Gold:   11         SH:  0    Dex: 15    Spells: 2/2 levels left

rFire   . . .        a - +0 short sword
rCold   . . .        (no shield)
rNeg    . . .        (helmet restricted)
rPois   .            (no amulet)
rElec   .            (no ring)
rCorr   .            (no ring)
SInv    .            (no ring)
Will    .....        (no ring)
Stlth   ++++         (no ring)
HPRegen 0.24/turn    (no ring)
MPRegen 0.08/turn    (no ring)
                     (no ring)

%: no passive effects
@: no status effects
A: almost no armour, amphibious, 8 rings, camouflage 1, gelatinous body 1,
(nimble swimmer 1), tentacles
a: no special abilities


You were on level 5 of the Dungeon.
You visited 1 branch of the dungeon, and saw 2 of its levels.

You collected 11 gold pieces.

Inventory:

Hand Weapons
 a - a +0 short sword (weapon)
Wands
 d - a wand of digging (3)
 e - a wand of charming (4)
Scrolls
 m - a scroll of magic mapping
 E - a scroll of fear
 F - a scroll of fog
Potions
 H - a potion of haste {!q}


   Skills:
 - Level 3.0 Fighting
 + Level 3.5 Short Blades
 - Level 2.0 Dodging
 - Level 6.6 Stealth


You had 2 spell levels left.
You didn't know any spells.
Your spell library was empty.

Dungeon Overview and Level Annotations

Branches:
Dungeon (6/15) Zot: 11902
 Temple: D:4-7

Altars:


Innate Abilities, Weirdness & Mutations

You cannot wear most types of armour.
You are amphibious.
You can wear up to eight rings at the same time.
Your skin changes colour to match your surroundings (Stealth+).
Your rubbery body absorbs attacks. (AC +1, EV +1)
((You are camouflaged when in or above water. (Stealth+)))
You have tentacles for arms and can constrict up to eight enemies at once.


Message History

2 orcs and an orc priest come into view.
Found a scroll labelled PUOKUCV POZU.
The orc shouts! x2; The orc priest shouts!
There is an open door here.
You hit the orc priest. You grab the orc priest.
You squeeze the orc priest, but do no damage.
The orc priest is moderately wounded.
You constrict the orc priest. You hit the orc priest.
The orc priest is heavily wounded.
You constrict the orc priest. The orc priest hits you with a +0 club.
You hit the orc priest. You squeeze the orc priest.
The orc priest is almost dead.
You constrict the orc priest.
You kill the orc priest!
Your Short Blades skill increases to level 3!
You have reached level 2!
You have reached level 3!
Your experience leads to an increase in your attributes!
Increase (S)trength, (I)ntelligence, or (D)exterity?
You feel agile. x2
You hit the orc. Your grab misses the orc.
The orc is lightly wounded.
The orc hits you with a +0 short sword. The orc hits you with a +0 dagger.
You barely miss the orc. You grab the orc. Your squeeze misses the orc.
You constrict the orc, but do no damage.
The orc hits you with a +0 short sword.
* * * LOW HITPOINT WARNING * * *
The orc hits you with a +0 dagger.
* * * LOW HITPOINT WARNING * * *
You closely miss the orc. Your grab misses the orc. You constrict the orc.
The orc barely misses you. The orc closely misses you.
You hit the orc. You grab the orc.
The orc is heavily wounded.
You constrict the orc.
You constrict the orc, but do no damage.
You hit the orc but do no damage.
The orc is severely wounded.
You constrict the orc.
You kill the orc!
You constrict the orc. The orc hits you with a +0 short sword.
* * * LOW HITPOINT WARNING * * *
You hit the orc but do no damage.
The orc is moderately wounded.
You constrict the orc. The orc barely misses you.
You hit the orc but do no damage.
The orc is heavily wounded.
You constrict the orc, but do no damage.
The orc hits you with a +0 short sword.
You die...

...#+###.....#
#..........#
#.....######
#.....'.>.########
#.....#...#...?..#
##.....#...#......#
######......#...#......#
.....'......#...#).....#
.....#......#...@o.....#
.... #......#...#....$.#
... #......#...#......#
## #......#####......#
######## #######


You could see an orc.

Vanquished Creatures
  An orc priest (D:5)
  An orc (D:5)
2 creatures vanquished.

Notes
Turn   | Place    | Note
-------+----------+-------------------------------------------
     0 | D:5      | Ge0ff the Octopode Delver began the quest for the Orb.
     0 | D:5      | Reached XP level 1. HP: 16/16 MP: 1/1
     1 | D:6      | Noticed a wight
     1 | D:6      | Noticed a wight
     3 | D:6      | Noticed a jelly
    12 | D:5      | Noticed an iguana
    22 | D:5      | Noticed a howler monkey
    75 | D:6      | Noticed a wight
    88 | D:5      | Noticed an orc priest
    91 | D:5      | Killed an orc priest
    92 | D:5      | Reached XP level 2. HP: 14/21 MP: 2/2
    92 | D:5      | Reached XP level 3. HP: 18/26 MP: 3/3
    98 | D:5      | Slain by an orc

Illustrated notes

Levels and vault maps discovered:
D:5:      layout_gridville, minmay_temple_entry_mini_moons
D:6:      kennysheep_housing_project, layout_rooms,
          gammafunk_temple_overflow_statue, chequers_serial_rivers_micro_d

Skill      XL: |  1 |
---------------+----+-----
Short Blades   | 3 |  3.5
Fighting       | |  3.0
Dodging        | |  2.0
Stealth        | |  6.6

Action                     || total
---------------------------++-------
  Melee: Short sword       ||    10
         Tentacles         ||     2
         Constrict         ||     3
  Dodge: Dodged            ||     3

Table legend: (Time is in decaauts)
 A = Elapsed time spent in this place.
 B = Non-inter-level travel time spent in this place.
 C = Inter-level travel time spent in this place.
 D = Time resting spent in this place.
 E = Time spent auto-exploring this place.
 F = Levels seen in this place.
 G = Mean time per level.
                   A        B        C        D        E       F      G
               +--------+--------+--------+--------+--------+-----+--------+
         Total |     97 |     97 |      0 |      0 |      0 |   2 |   48.5 |
       Dungeon |     97 |     97 |      0 |      0 |      0 |   2 |   48.5 |
               +--------+--------+--------+--------+--------+-----+--------+

Top non-repeatable levels by time:
     D:5: 75 daAuts
     D:6: 21 daAuts
